 Dungeon Crawl Stone Soup version 0.29-a0-495-g17b79114eb (webtiles) character file.

Game seed: 8034252178652952542

89 zeratav the Ruffian (level 4, -3/44 HPs)
             Began as a Troll Fighter on May 28, 2022.
             Killed from afar by an orc wizard (10 damage)
             ... with a magic dart
             ... on level 3 of the Dungeon.
             The game lasted 00:02:58 (1814 turns).

zeratav the Ruffian (Troll Fighter)                 Turns: 1814, Time: 00:02:58

Health: -3/44      AC:  4    Str: 26    XL:     4   Next: 31%
Magic:  3/3        EV:  8    Int:  4    God:
Gold:   33         SH:  7    Dex:  9    Spells: 3/3 levels left

rFire   . . .      SeeInvis .     - Unarmed
rCold   . . .      Faith    .   b - +0 kite shield
rNeg    . . .      Spirit   .   a - +0 robe
rPois   .          Reflect  .   (helmet restricted)
rElec   .          Harm     .   (no cloak)
rCorr   .          Rampage  .   (gloves unavailable)
Will    .....                   (boots unavailable)
Stlth   +.........              (no amulet)
HPRegen 0.94/turn               (no ring)
MPRegen 0.08/turn               (no ring)

@: no status effects
A: large, unfitting armour, claws 3, regeneration 1, shaggy fur 1, tough skin 1
a: no special abilities


You were on level 3 of the Dungeon.
You visited 1 branch of the dungeon, and saw 3 of its levels.

You collected 128 gold pieces.
You spent 95 gold pieces at shops.


Innate Abilities, Weirdness & Mutations

You are too large for most types of armour.
You have claws for hands.
Your natural rate of healing is unusually fast.
You are covered in fur. (AC +1)
You have tough skin. (AC +1)


   Skills:
 - Level 2.4 Fighting
 - Level 2.4 Dodging
 - Level 2.6 Shields
 + Level 4.6 Unarmed Combat


You had 3 spell levels left.
You didn't know any spells.
Your spell library contained the following spells:

 Spells                   Type           Power      Damage    Failure   Level
 Magic Dart               Conj           0%         1d3       80%         1
 Call Imp                 Summ           0%         N/A       91%         2
 Conjure Flame            Conj/Fire      0%         6-21      99%         3
 Ignite Poison            Fire/Tmut/Pois 0%         N/A       99%         3
 Mephitic Cloud           Conj/Pois/Air  0%         N/A       99%         3
 Sticky Flame             Conj/Fire      0%         2d3       100%        4

Inventory:

Hand Weapons
 l - the +6 spear of Exhibitionism {freeze, Str+4, polearm}
   (You found it on level 2 of the Dungeon)

   It freezes those it strikes, dealing additional cold damage.
   It can also slow down cold-blooded creatures.
   Str:       It affects your strength (+4).
Armour
 a - a +0 robe (worn)
 b - a +0 kite shield (worn)
 h - a +0 robe
   (You found it on level 1 of the Dungeon)
Jewellery
 o - a ring of wizardry
   (You bought it in a shop on level 2 of the Dungeon)
 p - a ring of flight
   (You found it on level 3 of the Dungeon)
Scrolls
 g - a scroll of identify {unknown}
 i - a scroll of torment {unknown}
 n - a scroll of fog {unknown}
Potions
 c - 2 potions of might
 d - 2 potions of curing {unknown}
 e - a potion of brilliance {unknown}
 f - a potion of invisibility {unknown}
 j - a potion of lignification {unknown}
 k - a potion of heal wounds {unknown}
 m - a potion of mutation {unknown}

Dungeon Overview and Level Annotations

Branches:
Dungeon (3/15)

Altars:
Vehumet

Shops:
D:2

* #..# . ##..# .. ...# #.
#..# .. #..# #.##..# #####
#..!)o#####...###########
.....##gJog..{.#.##...##...##
# ##.#
#..#####..@....<......## . ..
.(...# ####.....>...(....# .
#.##.##
#...............).###. .. ..#
#...##............##.. #.
##.# #...##.............#.# #
#.# #...##.....#....##....
... #...###......#.....###
..... ####.#...#####
##...#..............# #


You could see an orc and a goblin.


Message History

The sling bullet hits you.
The orc wizard gestures wildly while chanting.
The orc wizard flickers and vanishes!
Deactivating autopickup; reactivate with Ctrl-A.
You closely miss the orc. The orc hits you with a +0 dagger.
The goblin shoots a sling bullet.
You block the sling bullet. Something hits you.
You claw the orc!
You kill the orc!
The goblin shoots a sling bullet.
You block the sling bullet. The orc closely misses you.
The goblin shoots a sling bullet.
The sling bullet barely misses you.
You hear some strange, mumbled words.
You are confused.
You see here a pink potion.
You are too confused!
You are too confused!
You are too confused!
You are too confused!
You are too confused!
You are too confused!
HP[-3]
You take 3 damage, and now have 41/44 hp.
An endoplasm comes into view.
The goblin shoots a sling bullet.
The sling bullet hits you. Something hits you but does no damage.
Something hits you.
HP[-6]
You take 6 damage, and now have 35/44 hp.
You bump into the rock wall.
The orc hits you but does no damage.
The endoplasm jiggles.
Something hits you.
HP[-1]
You take 1 damage, and now have 34/44 hp.
You bump into the rock wall.
The endoplasm freezes you.
You are frozen.
The orc hits you with a +0 dagger.
You hear some strange, mumbled words.
You are more confused.
HP[-5]
You take 5 damage, and now have 29/44 hp.
You scratch the orc. The endoplasm barely misses you.
The orc hits you with a +0 dagger. Something hits you but does no damage.
You hear some strange, mumbled words.
A magic dart appears from out of thin air!
The magic dart hits you.
* * * LOW HITPOINT WARNING * * *
The orc hits you with a +0 dagger.
* * * LOW HITPOINT WARNING * * *
The endoplasm freezes you.
You are frozen.
* * * LOW HITPOINT WARNING * * *
HP[-13]
You take 13 damage, and now have 16/44 hp.
MASSIVE DAMAGE!! (PAUSE)
The orc attacks as you move away! The orc barely misses you.
Something hits you but does no damage.
HP[+1]
You scratch something. Something hits you but does no damage.
The orc hits you with a +0 dagger.
* * * LOW HITPOINT WARNING * * *
The endoplasm freezes you.
You are frozen.
* * * LOW HITPOINT WARNING * * *
HP[-6]
You take 6 damage, and now have 11/44 hp.
The orc attacks as you move away! The orc closely misses you.
The goblin unwields a +0 hunting sling.
The goblin wields a +0 dagger.
The goblin hits you but does no damage. The endoplasm freezes you.
You are frozen.
* * * LOW HITPOINT WARNING * * *
HP[-2]
You take 2 damage, and now have 9/44 hp.
The endoplasm attacks as you move away! The endoplasm hits you.
* * * LOW HITPOINT WARNING * * *
HP[-1]
You take 1 damage, and now have 8/44 hp.
Something hits you.
* * * LOW HITPOINT WARNING * * *
You hear some strange, mumbled words.
Something tries to affect you, but you resist.
The goblin unwields a +0 dagger.
The goblin wields a +0 hunting sling.
The goblin shoots a sling bullet.
HP[+1]
You bump into the rock wall.
You hear some strange, mumbled words.
Something tries to affect you, but you resist.
The goblin shoots a sling bullet.
The sling bullet hits you.
* * * LOW HITPOINT WARNING * * *
HP[-5]
You take 5 damage, and now have 4/44 hp.
You feel less confused.
The goblin shoots a sling bullet.
The sling bullet closely misses you.
HP[+1]
The goblin shoots a sling bullet.
You block the sling bullet.
HP[+1] HP[+1]
A magic dart appears from out of thin air!
The magic dart hits you!
You die...

Skill      XL: |  1  2  3 |
---------------+----------+-----
Unarmed Combat | 3 4 |  4.6
Fighting       | |  2.4
Dodging        | |  2.4
Shields        | |  2.6

Action                   |  1- 3 |  4- 6 || total
-------------------------+-------+-------++-------
Melee: Unarmed           |    98 |    43 ||   141
 Stab: Sleeping          |       |     1 ||     1
Armor: Robe              |    31 |    28 ||    59
Dodge: Dodged            |    20 |    22 ||    42
Block: Kite shield       |    27 |    25 ||    52

Levels and vault maps discovered:
D:1:      wander_arrival_peaceful_grave, layout_basic
D:2:      layout_loops_ring, serial_shops, nicolae_lakefront_shop,
          ebering_ecumenical_altar_mist
D:3:      layout_rooms, nicolae_overflow_hidden_temple, dk_vineyard_1,
          minmay_diced_spiral

Notes
Turn   | Place    | Note
-------+----------+-------------------------------------------
     0 | D:1      | zeratav the Troll Fighter began the quest for the Orb.
     0 | D:1      | Reached XP level 1. HP: 22/22 MP: 0/0
     0 | D:1      | magus.rc [v1.9.6]
    24 | D:1      | You add the spells Conjure Flame, Ignite Poison and Sticky
                  | Flame to your library.
    59 | D:1      | Reached XP level 2. HP: 24/29 MP: 1/1
   109 | D:1      | Reached skill level 3 in Unarmed Combat
   335 | D:1      | Reached XP level 3. HP: 36/36 MP: 2/2
   442 | D:1      | You pick up a book of Minor Magic and begin reading...
   442 | D:1      | You add the spells Magic Dart, Call Imp and Mephitic Cloud
                  | to your library.
   988 | D:2      | Identified the +6 spear of Exhibitionism {freeze, Str+4}
  1059 | D:2      | Reached skill level 4 in Unarmed Combat
  1116 | D:2      | Found Ympos's Assorted Antiques.
  1198 | D:2      | Reached XP level 4. HP: 38/44 MP: 3/3
  1377 | D:2      | Found a faded altar of an unknown god.
  1543 | D:3      | Found the +1 Delatra's gloves {ID++}
  1649 | D:2      | Bought a garnet ring for 95 gold pieces
  1740 | D:3      | Found a radiant altar of Vehumet.
  1805 | D:3      | HP: 11/44 [frozen (3)]
  1810 | D:3      | HP: 4/44 [goblin/sling bullet (6)]
  1814 | D:3      | Killed from afar by an orc wizard

Vanquished Creatures
  3 adders (D:2)
  2 dart slugs (D:1)
  An orc (D:3)
  8 endoplasms
  3 giant cockroaches
  2 goblins
  7 hobgoblins
  2 quokkas (D:1)
  7 ball pythons
  4 bats
  5 frilled lizards
  6 kobolds
  7 rats
57 creatures vanquished.

Table legend:
 A = Non-vault XP
 B = Vault XP
 C = Vault XP percentage of total XP
 D = Non-vault monster count
 E = Vault monster count
 F = Vault count percentage of total count
                 A         B        C        D         E       F
            +---------+---------+-------+---------+---------+-------
      Total |     128 |       0 |   0.0 |      57 |       0 |   0.0
            +---------+---------+-------+---------+---------+-------
        D:1 |      52 |       0 |   0.0 |      32 |       0 |   0.0
        D:2 |      61 |       0 |   0.0 |      17 |       0 |   0.0
        D:3 |      15 |       0 |   0.0 |       8 |       0 |   0.0
            +---------+---------+-------+---------+---------+-------

Illustrated notes

Table legend:
 A = Kills in this place as a percentage of kills in entire the game.
 B = Kills by you in this place as a percentage of kills by you in the entire game.
 C = Kills by friends in this place as a percentage of kills by friends in the entire game.
 D = Other kills in this place as a percentage of other kills in the entire game.
 E = Experience gained in this place as a percentage of experience gained in the entire game.
 F = Experience gained in this place divided by the number of levels of this place that you have seen.
                   A       B       C       D       E      F
               +-------+-------+-------+-------+-------+----------------------
         Total | 100.0 | 100.0 |   N/A |   N/A | 100.0 |  42.7
       Dungeon | 100.0 | 100.0 |   N/A |   N/A | 100.0 |  42.7
               +-------+-------+-------+-------+-------+----------------------

Table legend: (Time is in decaauts)
 A = Elapsed time spent in this place.
 B = Non-inter-level travel time spent in this place.
 C = Inter-level travel time spent in this place.
 D = Time resting spent in this place.
 E = Time spent auto-exploring this place.
 F = Levels seen in this place.
 G = Mean time per level.
                   A        B        C        D        E       F      G
               +--------+--------+--------+--------+--------+-----+--------+
         Total |   1823 |   1645 |    178 |      0 |   1273 |   3 |  607.7 |
       Dungeon |   1823 |   1645 |    178 |      0 |   1273 |   3 |  607.7 |
               +--------+--------+--------+--------+--------+-----+--------+

Top non-repeatable levels by time:
     D:2: 843 daAuts
     D:1: 820 daAuts
     D:3: 159 daAuts
